Unix NetHack Version 5.0.0-0 post-release - last build Jun 10 2026 00:39:30 (3ee93aec679c4c4259841fe613dc97188e26a321,branch:main).

Game began 2026-06-30 22:40:24, ended 2026-07-08 21:08:30.

BeardyHaddock, chaotic male elven Wizard

         -----                                           -----
         |...|                                           |._.|
         |....#############`                             |...|
         |...|        --------                           |.%.|
         |...|        |......|                           |....#      ---------
         |...|        |..{(.+.#                        ##-----#######....`...|
         --.--       #-......|#                        #%##d@d#      |.......|
           ##        #----...|#                         #     #######-.......|
            #        #   |...|#                        ##            |.....%.|
            ###      #  #....|#                        #             |.......|
              #     #####-----##                       #             |.......|
              ##   ###         #                      ##             ---------
         ------.--###          #------------     -----#
         |........##           #...........|    #|...|#
         |.......|#             |...........#####.>..|#
         |........#             |.........<|    #+.(..#
         ---------              ------------     -----

BeardyHaddock the Thaumaturge  St:13 Dx:12 Co:13 In:20 Wi:9 Ch:7  Chaotic
Dlvl:9  $:59 HP:0(46) Pw:44(116) AC:9  Xp:7 T:5288  Satiated Burdened

Latest messages:
 The spell hits the human mummy!
 The human mummy hits!
 The human mummy hits again!
 In what direction? 4
 The spell hits the human mummy!
 You destroy the human mummy!
 Welcome to experience level 7.
 In what direction? .
 You feel better.
 An iron piercer suddenly drops from the ceiling!
 You are hit by a falling iron piercer!
 In what direction? 9
 The spell hits the iron piercer!
 You feel clumsy!
 You haven't been working on reflexes lately.
 In what direction? 9
 The spell misses the iron piercer.
 In what direction? 9
 The spell misses the iron piercer.
 In what direction? 9
 The spell misses the iron piercer.
 In what direction? 9
 The spell hits the iron piercer!
 You kill the iron piercer!
 You see here an iron piercer corpse.
 What do you want to drink? [d-hDW or ?*] D
 Yecch!  This stuff tastes like poison.
 Your judgement is impaired.
 You hear a wolf howling at the moon.
 The werewolf changes into a wolf.
 You miss the werewolf.
 The werewolf summons help!
 A wolf suddenly appears next to you!
 The werewolf bites!
 What do you want to zap? [cosLS or ?*] s
 The wolf bites!
 The werewolf bites!
 You feel feverish.
 In what direction? 4
 The spell hits the werewolf!
 The wolf bites!
 The werewolf bites!
 The wolf bites!
 The werewolf bites!
 You die...
 Do you want your possessions identified? [ynq] (y) y
 Do you want to see your attributes? [ynq] (y) n
 Do you want an account of creatures vanquished? [ynaq] (y) n
 Do you want to see your conduct and achievements? [ynq] (y) n
 Do you want to see the dungeon overview? [ynq] (y) n

Inventory:
 Coins    ('$')
  $ - 59 gold pieces
 Amulets  ('"')
  k - a cursed amulet of restful sleep
 Weapons  (')')
  m - 13 blessed +0 arrows
  l - a +0 bow
  a - a blessed +2 quarterstaff (weapon in hands)
 Armor    ('[')
  b - an uncursed +0 cloak of magic resistance (being worn)
 Comestibles  ('%')
  Y - an uncursed partly eaten cream pie
  u - 7 uncursed food rations
  E - a cursed food ration
  q - an uncursed tripe ration
  Z - an uncursed partly eaten tripe ration
 Scrolls  ('?')
  F - an uncursed scroll of create monster
  T - 2 uncursed scrolls of earth
  y - a blessed scroll of identify
  P - 2 uncursed scrolls of identify
  z - an uncursed scroll of teleportation
 Spellbooks  ('+')
  w - an uncursed spellbook of blank paper
  A - an uncursed spellbook of detect monsters
 Potions  ('!')
  f - an uncursed potion of enlightenment
  h - an uncursed potion of gain energy
  g - 2 uncursed potions of healing
  W - an uncursed potion of levitation
  e - an uncursed potion of speed
  d - an uncursed potion of water
 Rings    ('=')
  U - an uncursed +1 ring of protection
 Wands    ('/')
  S - a wand of light (0:11)
  L - a blessed wand of magic missile (0:2)
  s - a wand of nothing (0:12)
  c - a wand of slow monster (0:7)
  o - a wand of striking (0:0)
 Tools    ('(')
  C - an uncursed blindfold
  n - a magic marker (0:19)
  v - a +0 pick-axe (alternate weapon; not wielded)
  J - an uncursed skeleton key
 Gems/Stones  ('*')
  G - an uncursed jade stone
  t - 2 uncursed worthless pieces of blue glass
  i - an uncursed luckstone

BeardyHaddock the Wizard's attributes:

Background:
 You were a Thaumaturge, a level 7 male elven Wizard.
 You were chaotic, on a mission for Anhur
 who was opposed by Ptah (lawful) and Thoth (neutral).
 You were right-handed.
 You were in the Dungeons of Doom, on level 9.
 You entered the dungeon 5288 turns ago.
 You had 687 experience points, 593 more were needed to attain level 8.

Basics:
 You had 0 out of 46 hit points.
 You had 44 out of 116 energy points (spell power).
 Your armor class was 9.
 Your wallet contained 59 zorkmids.
 Autopickup was off.

Final Characteristics:
 Your strength was 13 (limit:18).
 Your dexterity was 12 (peak:14, limit:18).
 Your constitution was 13 (limit:16).
 Your intelligence was 20 (limit:20).
 Your wisdom was 9 (peak:15, limit:20).
 Your charisma was 7 (limit:18).

Final Status:
 You were satiated.
 You were burdened; movement was slightly slowed.
 You were wielding a quarterstaff.
 You had basic skill with quarterstaff.

Final Attributes:
 You were piously aligned.
 You were magic-protected.
 You were sleep resistant.
 You were level-drain resistant.
 You were telepathic.
 You had infravision.
 You were warded.
 You were a werewolf.
 You were harmed by silver.
 You were lucky.
 You had extra luck.
 Bad luck did not time out for you.
 Good luck did not time out for you.
 You are dead.

Miscellaneous:
 You didn't encounter any bones levels.
 Total elapsed playing time was 1 hour, 38 minutes and 9 seconds.

Major events:
 Turn
    1: BeardyHaddock the chaotic male elven Wizard entered the dungeon
 1736: attained the rank of Conjurer (level 3)
 1976: entered the Gnomish Mines
 2601: entered Sokoban
 3726: attained the rank of Thaumaturge (level 6)
 5288: killed by a werewolf

Spells:
 Name                 Level Category     Fail Retention
 force bolt             1   attack         0%   71%-75%
 haste self             3   escape        54%  76%-100%
 healing                1   healing        0%  76%-100%
 cure blindness         2   healing       15%  76%-100%
 detect monsters        1   divination     0%  76%-100%

Skills:
 Fighting Skills
   bare handed combat [Unskilled]
   riding             [Unskilled]
 Weapon Skills
   dagger             [Unskilled]
   knife              [Unskilled]
   axe                [Unskilled]
   short sword        [Unskilled]
   club               [Unskilled]
   mace               [Unskilled]
   quarterstaff       [Basic]
   polearms           [Unskilled]
   spear              [Unskilled]
   trident            [Unskilled]
   sling              [Unskilled]
   dart               [Unskilled]
   shuriken           [Unskilled]
 Spellcasting Skills
   attack spells      [Skilled]
   healing spells     [Unskilled]
   divination spells  [Unskilled]
   enchantment spells [Basic]
   clerical spells    [Unskilled]
   escape spells      [Unskilled]
   matter spells      [Unskilled]

Voluntary challenges:
 Character rerolling was not enabled.
 You never genocided any monsters.
 You never polymorphed an object.
 You never changed form.
 You used no wishes.
 You did not violate any of the special Sokoban rules.
Achievements:
 You entered a shop.
 You attained the rank of Conjurer.
 You entered the Gnomish Mines.
 You entered Sokoban.
 You attained the rank of Thaumaturge.

 The Dungeons of Doom: levels 1 to 9
    Level 1:
    Level 2:
       A general store, a grave.
    Level 3:
       Many fountains, a grave.
    Level 4:
       A general store, a fountain.
       Stairs down to The Gnomish Mines.
    Level 5:
       Many fountains.
    Level 6:
       A fountain.
       Stairs up to Sokoban, level 5.
    Level 7:
    Level 8:
       An altar, a fountain.
    Level 9: <- You were here.
       An altar, a fountain.
       Final resting place for
          you, killed by a werewolf.
 The Gnomish Mines:
    Level 5:
 Sokoban:
    Level 5:
       Unsolved.


Vanquished creatures:
  a large cat
  a human mummy
 an iron piercer
 an owlbear
  a dog
  a dwarf leader
  a dust vortex
 an ape
  a water nymph
 an orc shaman
  2 rock piercers
  3 ponies
  a shrieker
  2 gnome leaders
  3 gray oozes
 an elf zombie
  a little dog
  4 floating eyes
  2 kittens
  a homunculus
  2 rothes
  a rabid rat
  2 orc zombies
  a dwarf zombie
  a wererat
  2 iguanas
 an acid blob
  2 giant rats
  a green mold
  3 geckos
  7 jackals
  a fox
  2 kobolds
  2 goblins
  3 sewer rats
  3 grid bugs
  4 lichens
  a kobold zombie
  8 newts
77 creatures vanquished.

No species were genocided or became extinct.

Game over:
                       ----------
                      /          \
                     /    REST    \
                    /      IN      \
                   /     PEACE      \
                  /                  \
                  |  BeardyHaddock   |
                  |      59 Au       |
                  |   killed by a    |
                  |     werewolf     |
                  |                  |
                  |                  |
                  |       2026       |
                 *|     *  *  *      | *
        _________)/\\_//(\/(/\)/\//\/|_)_______

Goodbye BeardyHaddock the Wizard...

You died in The Dungeons of Doom on dungeon level 9 with 3272 points,
and 59 pieces of gold, after 5288 moves.
You were level 7 with a maximum of 46 hit points when you died.

